 Dungeon Crawl Stone Soup version 0.32-a0-134-gc02fa2a (webtiles) character file.

Game seed: 11829709126490699255

1455 Dorkslayer the Ruffian (level 8, -5/54 HPs)
             Began as an Octopode Fighter on Feb 9, 2024.
             Killed from afar by an orc wizard (12 damage)
             ... with a puff of flame
             ... on level 5 of the Dungeon.
             The game lasted 00:14:56 (4377 turns).

Dorkslayer the Ruffian (Octopode Fighter)           Turns: 4377, Time: 00:14:58

Health: -5/54      AC:  1    Str: 18    XL:     8   Next: 76%
Magic:  8/8        EV: 14    Int: 10    God:
Gold:   60         SH:  5    Dex: 11    Spells: 7/7 levels left

rFire   . .          .
                       - Unarmed
rCold   . . .        a - +1 buckler
rNeg    . . .        (helmet restricted)
rPois   .            (no amulet)
rElec   .            o - ring of willpower
rCorr   .            (no ring)
SInv    .            (no ring)
Will    +....        (no ring)
Stlth   +++          (no ring)
HPRegen 0.29/turn    (no ring)
MPRegen 0.11/turn    (no ring)
                     (no ring)

%: clarity
@: no status effects
A: almost no armour, amphibious, 8 rings, camouflage 1, gelatinous body 1,
(nimble swimmer 1), tentacles, clarity, inability to read after injury 1
a: no special abilities


You were on level 5 of the Dungeon.
You visited 1 branch of the dungeon, and saw 5 of its levels.
You also visited: Sewer.

You collected 157 gold pieces.
You spent 97 gold pieces at shops.

Inventory:

Hand Weapons
 i - a +0 mace
Armour
 a - a +1 buckler (worn)
Jewellery
 o - a ring of willpower (left tentacle)
Talismans
 g - a blade talisman
 v - a serpent talisman
Wands
 u - a wand of acid (15)
Scrolls
 c - a scroll of fear
 d - a scroll of poison
 e - 2 scrolls of teleportation
 h - 2 scrolls of vulnerability
 m - a scroll of revelation
 n - a scroll of enchant armour
 p - a scroll of brand weapon
 q - a scroll of fog
 s - a scroll of amnesia
 w - 2 scrolls of enchant weapon {unknown}
 x - 2 scrolls of acquirement {unknown}
Potions
 b - 2 potions of cancellation {unknown}
 f - 4 potions of haste {unknown}
 j - a potion of might
 k - a potion of enlightenment
 l - a potion of invisibility {unknown}
 r - 2 potions of brilliance {unknown}
 t - 2 potions of mutation


   Skills:
 + Level 4.1 Fighting
 + Level 4.6 Dodging
 + Level 4.2 Stealth
 + Level 4.0 Shields
 + Level 7.2 Unarmed Combat
 * Level 2.7 Evocations
 * Level 3.3 Shapeshifting


You had 7 spell levels left.
You didn't know any spells.
Your spell library contained the following spells:

 Spells                   Type           Power      Damage    Failure   Level
 Magic Dart               Conj           0%         1d3       43%         1
 Summon Small Mammal      Summ           0%         N/A       43%         1
 Searing Ray              Conj           0%         2d4       58%         2
 Fulminant Prism          Conj/Alch      0%         3d5       99%         4
 Dragon's Call            Summ           0%         N/A       100%        9


Dungeon Overview and Level Annotations

Branches:
Dungeon (5/15)              Sewer (visited)
 Temple: D:4-7

Altars:
Trog
Uskayaw

Shops:
D:4 (?[(?   D:5 [


Innate Abilities, Weirdness & Mutations

You cannot wear most types of armour.
You are amphibious.
You can wear up to eight rings at the same time.
Your skin changes colour to match your surroundings (Stealth+).
Your rubbery body absorbs attacks. (AC +1, EV +1)
((You are camouflaged when in or above water. (Stealth+)))
You have tentacles for arms and can constrict up to eight enemies at once.
You possess an exceptional clarity of mind.
You occasionally lose the ability to read scrolls when taking damage.


Message History

You tentacle-slap the orc. You grab the orc.
The orc is almost dead.
You constrict the orc.
You kill the orc!
The black bear bites you. The black bear closely misses you. x2
You tentacle-slap the black bear. Your grab misses the black bear.
You squeeze the black bear.
The black bear is lightly wounded.
Something hits you. The black bear bites you.
The black bear closely misses you. The black bear claws you.
You tentacle-slap the black bear. You grab the black bear.
You squeeze the black bear.
The black bear is moderately wounded.
You constrict the black bear, but do no damage.
Something hits you. You block the black bear's attack.
The black bear barely misses you. The black bear claws you.
You tentacle-slap the black bear but do no damage.
The black bear is moderately wounded.
You constrict the black bear. Something barely misses you.
The black bear closely misses you. The black bear claws you.
* * * LOW HITPOINT WARNING * * *
The black bear completely misses you.
You bludgeon the black bear!
The black bear is almost dead.
You constrict the black bear.
You kill the black bear!
You hear some strange, mumbled words.
A puff of flame appears from out of thin air!
The puff of flame hits you!
* * * LOW HITPOINT WARNING * * *
Aiming: Corrosive Bolt
Press: ? - help, Shift-Dir - straight line Something completely misses you.
Aiming: Corrosive Bolt
Press: ? - help, Shift-Dir - straight line The bolt of acid hits something!
The acid corrodes something!
You hear some strange, mumbled words.
A puff of flame appears from out of thin air!
The puff of flame hits you!
You die...

.........#†#~#~#.#.# **_*,***ß*,*
.###..#..###########**ß,*,*,*,*,*
.........###.###..#**,,,,,,,,,,,*
.###.#.......#...***,,,.,,,,,,,,,
.#.......##..#.#** *,#ß.*,*,*,*,_
...##.#####....#####..#,*,***_*,*
.####.# ##..##......##*********
..#...######...#........*,,,,,,,,
)[#.##.........)@)......*,*******
.......###..##.){.......*,*
.>....## #.###..........*,*
.####..###.# ##.........,,*
######.....#####........,**
####*###...†............,*
#####......#####........,*
...#.(P.P..#***##.######,*
.#....P_P....,,,*,*****,,*


There were no monsters in sight!

Vanquished Creatures
  Grinder (D:3)
  Duvessa (D:5)
  2 black bears (D:5)
  An ogre (D:5)
  A phantom (Sewer)
  2 necrophages (Sewer)
  Dowan (D:5)
  A hound (D:4)
  A bombardier beetle (D:5)
  An orc priest (D:5)
  Jessica (D:2)
  2 sleepcaps (D:4)
  2 iguanas
  8 orc wizards
  3 gnolls (D:4)
  2 adders
  3 shadow imps (Sewer)
  2 ufetubi (Sewer)
  An adder zombie (Sewer)
  5 dart slugs
  3 ribbon worms (D:4)
  21 orcs
  13 ball pythons
  A bat zombie (Sewer)
  6 endoplasms
  7 giant cockroaches
  14 goblins
  A hobgoblin (D:1)
  7 quokkas
  6 bats
  7 frilled lizards
  A giant cockroach zombie (Sewer)
  20 kobolds
  A kobold zombie (Sewer)
  10 rats
159 creatures vanquished.

Notes
Turn   | Place    | Note
-------+----------+-------------------------------------------
     0 | D:1      | Dorkslayer the Octopode Fighter began the quest for the
                  | Orb.
     0 | D:1      | Reached XP level 1. HP: 16/16 MP: 1/1
    52 | D:1      | Reached XP level 2. HP: 16/21 MP: 2/2
   123 | D:1      | Got Bafolete's Cyclopedia of Beckoning
   187 | D:1      | Reached XP level 3. HP: 21/26 MP: 3/3
   330 | D:1      | You fall into a shaft and drop 1 floor!
  1001 | D:2      | Noticed Jessica
  1006 | D:2      | Killed Jessica
  1007 | D:2      | Reached skill level 3 in Unarmed Combat
  1007 | D:2      | Reached XP level 4. HP: 21/31 MP: 4/4
  1389 | D:3      | Reached skill level 1 in Stealth
  1643 | D:3      | Noticed Grinder
  1654 | D:3      | Killed Grinder
  1655 | D:3      | Reached skill level 4 in Unarmed Combat
  1655 | D:3      | Reached skill level 1 in Shapeshifting
  1655 | D:3      | Reached XP level 5. HP: 18/36 MP: 5/5
  1655 | D:3      | Reached XP level 6. HP: 21/42 MP: 6/6
  2216 | D:3      | Found a hide-covered altar of Uskayaw.
  2241 | D:4      | Found Geurouqe's Weapon Shoppe.
  2281 | D:4      | Reached skill level 5 in Unarmed Combat
  2293 | D:4      | Gained mutation: You possess an exceptional clarity of
                  | mind. [potion of mutation]
  2293 | D:4      | Gained mutation: You occasionally lose the ability to read
                  | scrolls when taking damage. [potion of mutation]
  2473 | D:4      | Found Hiucapi's Antique Armour Shoppe.
  2543 | D:4      | Reached XP level 7. HP: 42/46 MP: 7/7
  2571 | D:4      | Found Qempiran's Magic Scroll Shoppe.
  2578 | D:4      | Bought a scroll of revelation for 97 gold pieces
  2812 | D:4      | Found Yry Emug's Antique Weapon Emporium.
  3098 | D:4      | Reached skill level 6 in Unarmed Combat
  3127 | D:4      | Found Doezxiaf's Magic Scroll Boutique.
  3277 | D:5      | Entered Level 5 of the Dungeon
  3290 | D:5      | Reached skill level 1 in Evocations
  3320 | D:5      | Found Fiuntab's Antique Armour Shop.
  3349 | D:5      | Found a glowing drain.
  3353 | Sewer    | Entered a sewer
  3567 | Sewer    | Found an ancient bone altar of Kikubaaqudgha.
  3579 | Sewer    | Reached XP level 8. HP: 36/54 MP: 8/8
  3976 | D:5      | Noticed Duvessa
  3976 | D:5      | Noticed Dowan
  3988 | D:5      | Killed Duvessa
  3988 | D:5      | Killed Dowan
  4136 | D:5      | Reached skill level 7 in Unarmed Combat
  4347 | D:5      | Found a bloodstained altar of Trog.
  4377 | D:5      | Killed from afar by an orc wizard

Illustrated notes

Levels and vault maps discovered:
D:1:      lightli_iron_boxes, layout_rooms, minmay_small_reverse_x
D:2:      layout_basic, uniq_jessica
D:3:      layout_basic, nicolae_uskayaw_suspiria, uniq_grinder
D:4:      layout_basic, serial_shops, shop, nicolae_shop_statue_plus, shop,
          nicolae_shop_pleasant_corner_grove, shop, minmay_box_of_dots
D:5:      layout_rooms, minitemple, trog_ov_bears_minmay, serial_shops, shop,
          mainiacjoe_sewer_entry_somewhere_in_here_2,
          chequers_serial_rivers_small_b, uniq_duvessa

Skill      XL: |  1  2  3  4  5  6  7  8 |
---------------+-------------------------+-----
Unarmed Combat | 3 4 5 6 7 |  7.2
Stealth        | 1 2 3 4 |  4.2
Shapeshifting  | 1 2 3 |  3.3
Dodging        | 4 |  4.6
Evocations     | 1 2 |  2.7
Fighting       | 4 |  4.1
Shields        | 4 |  4.0

Action                     |  1- 3 |  4- 6 |  7- 9 || total
---------------------------+-------+-------+-------++-------
  Melee: Unarmed           |    93 |    89 |   161 ||   343
         Constrict         |    25 |    23 |    40 ||    88
         Tentacles         |    13 |    14 |    37 ||    64
         Punch             |     5 |     5 |    11 ||    21
  Evoke: Wand              |       |       |     9 ||     9
    Use: Scroll            |       |    11 |     2 ||    13
         Potion            |       |     4 |     5 ||     9
   Stab: Sleeping          |     3 |     2 |     9 ||    14
 Armour: Skin              |    36 |    42 |    79 ||   157
  Dodge: Dodged            |    26 |    36 |    79 ||   141
  Block: Buckler           |    14 |    12 |    25 ||    51

Table legend: (Time is in decaauts)
 A = Elapsed time spent in this place.
 B = Non-inter-level travel time spent in this place.
 C = Inter-level travel time spent in this place.
 D = Time resting spent in this place.
 E = Time spent auto-exploring this place.
 F = Levels seen in this place.
 G = Mean time per level.
                   A        B        C        D        E       F      G
               +--------+--------+--------+--------+--------+-----+--------+
         Total |   4358 |   4358 |      0 |     14 |   2572 |   6 |  726.3 |
       Dungeon |   3760 |   3760 |      0 |      0 |   2283 |   5 |  752.0 |
         Sewer |    597 |    597 |      0 |     14 |    289 |   1 |  597.0 |
               +--------+--------+--------+--------+--------+-----+--------+

Top non-repeatable levels by time:
     D:4: 1036 daAuts
     D:3: 941 daAuts
     D:2: 878 daAuts
   Sewer: 597 daAuts
     D:5: 493 daAuts
     D:1: 412 daAuts
